 Dungeon Crawl Stone Soup version 0.14-a0-1388-g200237c (webtiles) character file.

289 PolkaDot the Cutter (level 4, -1/34 HPs)
             Began as a Vampire Death Knight on Dec 9, 2013.
             Was a Believer of Yredelemnul.
             Killed by divine providence
             ... invoked by an orc priest
              (17 damage)
             ... on Level 3 of the Dungeon.
             The game lasted 00:09:20 (2673 turns).

PolkaDot the Cutter (Vampire Death Knight)          Turns: 2673, Time: 00:09:21

HP  -1/34        AC  3     Str 12      XL: 4   Next: 97%
MP   5/5         EV 12     Int 18      God: Yredelemnul [**....]
Gold 154         SH  0     Dex 14      Spells:  0 memorised,  3 levels left

rFire  . . .     SeeInvis +     a - +1 short sword
rCold  + . .     Clarity  .     b - +0 leather armour
rNeg   + . .     Conserve .     (no shield)
rPois  .         rCorr    +     (no helmet)
rElec  .         rRot     .     (no cloak)
SustAb . .       Spirit   .     (no gloves)
rMut   .         Warding  .     (no boots)
Saprov . . .     Stasis   .     p - amulet of resist corrosion
                                (no ring)
                                m - ring of protection from cold

@: brilliant, slightly resistant to hostile enchantments, unstealthy
A: fangs 3, see invisible, unbreathing
a: Bat Form, Animate Remains, Recall Undead Slaves, Injury Mirror, Renounce
Religion


You were on level 3 of the Dungeon.
You worshipped Yredelemnul.
Yredelemnul was pleased with you.
You were not thirsty.

You visited 1 branch of the dungeon, and saw 3 of its levels.

You collected 154 gold pieces.

Inventory:

Hand weapons
 a - a +1,+1 short sword (weapon)
Armour
 b - a +0 leather armour (worn)
 n - a +0 elven ring mail
Scrolls
 d - a scroll of remove curse {unknown}
 e - a scroll of curse jewellery {unknown}
 f - a scroll of fear
 h - a scroll of blinking {unknown}
 i - 2 scrolls of teleportation
 k - a scroll of curse armour {unknown}
 q - a scroll of recharging {unknown}
 r - a scroll of curse weapon {unknown}
 t - a scroll of fog
Jewellery
 m - a ring of protection from cold (left hand)
 p - an amulet of resist corrosion (around neck)
Potions
 c - a potion of mutation


   Skills:
 + Level 2.6 Fighting
 - Level 4.0 Short Blades
 * Level 0.8 Armour
 + Level 3.2 Dodging
 - Level 2.4 Invocations


You had 3 spell levels left.
You didn't know any spells.

Dungeon Overview and Level Annotations

Branches:
Dungeon (3/16)

Altars:
Okawaru


Innate Abilities, Weirdness & Mutations

You have razor-sharp teeth.*
You have supernaturally acute eyesight.
You can survive without breathing.*


Message History

The orc priest drops an uncursed orcish club.
The orc priest picks up an orcish mace.
The orc priest wields an orcish mace.
You hit the orc priest but do no damage.
The orc priest is almost dead.
The orc priest barely misses you.
You barely miss the orc priest.
The orc priest is almost dead.
The orc priest hits you with a runed orcish falchion!
The orc priest calls upon Beogh to heal the orc priest.
The orc priest is healed somewhat.
You hit the orc priest.
The orc priest is severely wounded.
The orc priest hits you with a runed orcish falchion.
You hit the orc priest but do no damage.
The orc priest is severely wounded.
The orc priest calls down the wrath of Beogh upon you.
Something smites you!
Ouch! That really hurt!
You die...
Yredelemnul claims you as an undead slave.

#.### #..## #...#
#..# ###.# ###..##
#.# #.((... #.#
#......
######z#####...###
#zz.zz.........#
#z####.##.))...#
#@# #.##.###..###
#o# #..z.# #.....
#o# ##.##.###..#.#
#.# #...#......#..
#.# #.#.z>###.....
#.# #...### #..(..
#.# ##.## #.####
#.# #z######.....
#.# #.z...#######


You could see 2 orc priests, a friendly goblin zombie, a friendly orc zombie and
a friendly giant newt skeleton.

Vanquished Creatures
  Terence (D:3)
  2 adders (D:2)
  A worm (D:3)
  A giant gecko (D:1)
  An ooze (D:1)
  2 orcs (D:3)
  8 bats
  A giant cockroach (D:3)
  4 goblins
  8 hobgoblins
  6 jackals (D:3)
  5 kobolds
  2 giant newts (D:1)
  9 rats
51 creatures vanquished.

Vanquished Creatures (collateral kills)
  A worker ant (D:3)
  3 adders (D:3)
  An ooze (D:3)
  3 orcs (D:3)
  A kobold (D:3)
  3 bats
  2 giant newts (D:3)
  A goblin (D:3)
  2 jackals (D:3)
  A rat (D:3)
18 creatures vanquished.

Vanquished Creatures (others)
  A worker ant zombie (D:3)
  A bat skeleton (D:3)
  A bat zombie (D:3)
  A human zombie (D:3)
  A giant cockroach zombie (D:3)
  2 hobgoblin zombies (D:3)
  2 jackal zombies (D:3)
9 creatures vanquished.

Grand Total: 78 creatures vanquished

Notes
Turn   | Place    | Note
--------------------------------------------------------------
     0 | D:1      | PolkaDot, the Vampire Death Knight, began the quest for the Orb.
     0 | D:1      | Reached XP level 1. HP: 16/16 MP: 1/1
   275 | D:1      | Reached XP level 2. HP: 16/22 MP: 2/2
   968 | D:2      | Reached skill level 3 in Short Blades
  1083 | D:2      | Reached XP level 3. HP: 13/27 MP: 4/4
  1274 | D:2      | Acquired Yredelemnul's second power
  1386 | D:2      | Found an iron altar of Okawaru.
  1771 | D:3      | Noticed Terence
  1796 | D:3      | Killed Terence
  1796 | D:3      | Reached XP level 4. HP: 9/34 MP: 5/5
  2365 | D:3      | Reached skill level 4 in Short Blades
  2650 | D:3      | Your ally Terence died
  2673 | D:3      | Killed from afar by an orc priest

Action                   |  1- 3 |  4- 6 || total
-------------------------+-------+-------++-------
Melee: Short sword       |   160 |    83 ||   243
Invok: Animate Remains   |    11 |     8 ||    19
  Use: Potion            |     1 |     7 ||     8
       Scroll            |     5 |     4 ||     9
